 Dungeon Crawl Stone Soup version 0.21-a0-508-gf08a75f (webtiles) character file.

12599 theanonym the Severer (level 11, -3/102 HPs)
             Began as a Naga Gladiator on Nov 28, 2017.
             Was a High Priest of Cheibriados.
             Slain by an elephant (16 damage)
             ... on level 1 of the Lair of Beasts.
             The game lasted 00:23:23 (8431 turns).

theanonym the Severer (Naga Gladiator)              Turns: 8431, Time: 00:23:24

Health: -3/102     AC:  9    Str: 31    XL:     11   Next: 95%
Magic:  9/13       EV:  9    Int: 20    God:    Cheibriados [*****.]
Gold:   1162       SH: 14    Dex: 23    Spells: 7/10 levels left

rFire    + . .     SeeInvis +   k - +0 war axe (freeze)
rCold    . . .     Gourm    .   F - +2 shield {reflect}
rNeg     + . .     Faith    .   j - +0 ring mail {rF+}
rPois    +         Spirit   .   c - +0 helmet
rElec    .         Reflect  +   (no cloak)
rCorr    .         Harm     .   (no gloves)
MR       ++...                  (no barding)
Stlth    +.........             x - amulet of regeneration {+regen}
HPRegen  0.67/turn              l - +4 ring of slaying
MPRegen  0.13/turn              G - ring of positive energy {rN+}

@: very slow
A: large, icy blue scales 1, see invisible, deformed body, magic resistance 1,
poison resistance, robust 1, slowness 2, slow metabolism 1, spit poison 1,
MP-powered wands, AC +3
a: Spit Poison, Bend Time, Temporal Distortion, Slouch, Step From Time, Renounce
Religion


Innate Abilities, Weirdness & Mutations

You cannot wear boots.
Your serpentine skin is tough. (AC +3)
You have supernaturally acute eyesight. (SInv)
Armour fits poorly on your strangely shaped body.
Your system is resistant to poisons. (rPois)
You cover ground very slowly.
You have a slow metabolism.
You can spit poison.
You are partially covered in icy blue scales. (AC +2)
You are resistant to hostile enchantments. (MR+)
You are robust. (+10% HP)
You expend magic power (3 MP) to strengthen your wands.


   Skills:
 - Level 4.8 Fighting
 * Level 15.6 Axes
 - Level 1.7 Throwing
 - Level 2.4 Dodging
 + Level 6.3 Shields
 - Level 3.1 Invocations


You had 7 spell levels left.
You knew the following spells:

 Your Spells              Type           Power        Failure   Level  Hunger
a - Apportation           Tloc           #.....       43%         1    ##.....
b - Blink                 Tloc           N/A          58%         2    ###....

Skill      XL: |  1  2  3  4  5  6  7  8  9 10 11 |
---------------+----------------------------------+-----
Axes           | 4 5 7 8 10 12 14 15 | 15.6
Fighting       | 3 4 |  4.8
Invocations    | 3 |  3.1
Shields        | 2 4 6 |  6.3
Throwing       | |  1.7
Dodging        | |  2.4

Action                   |  1- 3 |  4- 6 |  7- 9 | 10-12 || total
-------------------------+-------+-------+-------+-------++-------
Melee: War axe           |   130 |    92 |   228 |   231 ||   681
Throw: Throwing net      |     3 |     4 |     5 |       ||    12
       Tomahawk          |       |       |     9 |     9 ||    18
Invok: Temporal Distorti |       |       |       |     1 ||     1
 Abil: Spit Poison       |     3 |     2 |    17 |     5 ||    27
Evoke: Wand              |       |       |     4 |    10 ||    14
  Use: Scroll            |       |    10 |     8 |     1 ||    19
       Potion            |       |     5 |     5 |     1 ||    11
 Stab: Held in net/web   |       |       |     3 |       ||     3
       Sleeping          |       |       |       |     2 ||     2
  Eat: Chunk             |     2 |     4 |    10 |     7 ||    23
Armor: Leather armour    |     8 |       |       |       ||     8
       Ring mail         |    52 |    18 |    52 |    60 ||   182
       Skin              |       |    21 |       |       ||    21
       Scale mail        |       |     8 |     2 |       ||    10
Dodge: Dodged            |    77 |    32 |    93 |    56 ||   258
Block: Shield            |       |       |     1 |   125 ||   126
       Reflection        |       |       |       |     3 ||     3

Inventory:

Hand Weapons
 a - a +1 war axe
 k - a +0 war axe of freezing (weapon)
   (You took it off an orc on level 5 of the Dungeon)
 J - a +0 blowgun
   (You found it on level 9 of the Dungeon)
 K - a +0 blowgun
   (You took it off a kobold on level 9 of the Dungeon)
Missiles
 o - 139 arrows
 u - 16 tomahawks (quivered)
 C - 37 bolts
 Q - 7 javelins
Armour
 b - a +0 leather armour
 c - a +0 helmet (worn)
 e - a +1 scale mail
   (You took it off Terence on level 3 of the Dungeon)
 j - a +0 ring mail of fire resistance (worn)
   (You took it off Ijyb on level 4 of the Dungeon)
 n - a +0 ring mail
   (You found it on level 1 of the Dungeon)
 p - a +0 chain mail
   (You found it on level 1 of the Dungeon)
 F - a +2 shield of reflection (worn)
   (You bought it in a shop on level 8 of the Dungeon)
Jewellery
 l - a +4 ring of slaying (left hand)
   (You found it on level 1 of the Dungeon)
 x - an amulet of regeneration (around neck) {+regen}
   (You found it on level 2 of the Dungeon)
 G - a ring of positive energy (right hand) {rN+}
   (You found it on level 7 of the Dungeon)
 P - the amulet "Haakekho" {rF+ rC- Regen+ Str+2 Dex+9, unknown}
   (You found it on level 9 of the Dungeon)

   [amulet of regeneration]

   It affects your strength (+2).
   It affects your dexterity (+9).
   It protects you from fire.
   It makes you vulnerable to cold.
   It increases your rate of regeneration.
Wands
 g - a wand of iceblast (9)
   (You took it off Ijyb on level 4 of the Dungeon)
 r - a wand of enslavement (1)
   (You took it off Pikel on level 8 of the Dungeon)
 v - a wand of acid (6)
   (You took it off an orc wizard on level 9 of the Dungeon)
 B - a wand of polymorph (37)
   (You found it on level 3 of the Dungeon)
 S - a wand of paralysis (19)
   (You found it on level 1 of the Lair of Beasts)
Scrolls
 f - a scroll of fog {!r}
 t - 3 scrolls of teleportation {!r}
 y - 5 scrolls of magic mapping {!r}
 z - a scroll of acquirement {unknown}
 E - a scroll of fear {!r}
 I - a scroll of enchant weapon
 N - 4 scrolls of remove curse
Potions
 i - 3 potions of flight
 m - 3 potions of brilliance
 q - a potion of heal wounds
 w - 10 potions of curing
 A - a potion of resistance
 H - a potion of degeneration {unknown}
Books
 D - a book of Maledictions
   (You found it on level 8 of the Dungeon)

   Spells                             Type                      Level
   a - Corona                         Hexes                        1
   b - Ensorcelled Hibernation        Hexes/Ice                    2
   c - Confuse                        Hexes                        3
   d - Tukima's Dance                 Hexes                        3
   e - Dazzling Spray                 Conjuration/Hexes            3
 L - a book of Changes
   (You found it on level 9 of the Dungeon)

   Spells                             Type                      Level
   a - Beastly Appendage              Transmutation                1
   b - Sticks to Snakes               Transmutation                2
   c - Spider Form                    Transmutation/Poison         3
   d - Ice Form                       Ice/Transmutation            4
   e - Blade Hands                    Transmutation                5
 O - the Papyrus of the Displaced Blaze
   (You found it on level 9 of the Dungeon)

   Spells                             Type                      Level
   a - Throw Flame                    Conjuration/Fire             2
   b - Ignite Poison                  Fire/Transmutation/Poison    3
   c - Passage of Golubria            Translocation                4
   d - Fireball                       Conjuration/Fire             5
   e - Bolt of Magma                  Conjuration/Fire/Earth       5
Comestibles
 d - 13 bread rations
 h - 8 royal jellies
 s - 4 meat rations
 M - 10 fruits
 R - 6 chunks of flesh

Dungeon Overview and Level Annotations

Branches:
Dungeon (9/15)             Temple (1/1) D:5            Lair (1/6) D:9
    Orc (1/2) D:9

Altars:
Cheibriados
Dithmenos
Elyvilon
Fedhas
Gozag
Hepliaklqana
Makhleb
Nemelex Xobeh
Okawaru
Qazlal
Ru
Sif Muna
Trog
Vehumet
Wu Jian
Yredelemnul
Zin
The Shining One

Shops:
D:8 [

Annotations:
D:8 Psyche


You were on level 1 of the Lair of Beasts.
You worshipped Cheibriados.
Cheibriados was extremely pleased with you.
You were hungry.

You visited 4 branches of the dungeon, and saw 12 of its levels.

You collected 1402 gold pieces.
You spent 240 gold pieces at shops.


Message History

You stumble backwards!
You take 1 damage, and have 79/102 hp.
You hit the elephant. You freeze the elephant. You hit the elephant.
You freeze the elephant. You block the elephant's attack.
The elephant trunk-slaps you but does no damage.
The elephant tramples you!
You hold your ground!
You block the elephant's attack.
You take 9 damage, and have 70/102 hp.
You are too injured to fight recklessly!
You are too injured to fight recklessly!
You are too injured to fight recklessly!
You hit the elephant. You freeze the elephant. You hit the elephant.
You freeze the elephant. You slash the elephant! You freeze the elephant.
The elephant tramples you but does no damage.
The elephant completely misses you.
You slash the elephant! You freeze the elephant. You slice the elephant!!
You freeze the elephant!
You kill the elephant!
Cheibriados thoroughly appreciates the change of pace.
You hit the elephant but do no damage. The elephant tramples you.
You stumble backwards!
You take 3 damage, and have 68/102 hp.
You slash the elephant! You freeze the elephant.
You kill the elephant!
Cheibriados thoroughly appreciates the change of pace.
You hit the elephant but do no damage.
The elephant tramples you but does no damage.
You block the elephant's attack.
You hit the elephant but do no damage. x2; You block the elephant's attack. x2
The elephant tramples you but does no damage.
You block the elephant's attack.
You slash the elephant! You freeze the elephant.
You hit the elephant but do no damage. The elephant barely misses you.
The elephant trunk-slaps you but does no damage.
You hit the elephant. You freeze the elephant. You slash the elephant!
You freeze the elephant. You block the elephant's attack.
The elephant trunk-slaps you but does no damage.
A yak comes into view.
The yak bellows!
You slash the elephant! You freeze the elephant. You slash the elephant!
You freeze the elephant.
You hear a bellow!
The elephant tramples you!
You hold your ground!
The elephant trunk-slaps you but does no damage.
You block the elephant's attack.
The elephant trunk-slaps you but does no damage.
You take 8 damage, and have 62/102 hp.
You slash the elephant! You freeze the elephant.
You hit the elephant but do no damage. The elephant closely misses you.
You block the elephant's attack. The elephant tramples you!
* * * LOW HITPOINT WARNING * * *
You stumble backwards!
Found a scale mail.
A yak comes into view.
You take 11 damage, and have 51/102 hp.
You hit the elephant. You freeze the elephant.
You hit the elephant but do no damage. The elephant tramples you.
* * * LOW HITPOINT WARNING * * *
You stumble backwards!
You take 2 damage, and have 49/102 hp.
You slash the elephant! You freeze the elephant. You hit the elephant.
You freeze the elephant. You slash the elephant! You freeze the elephant.
You block the elephant's attack. x2
The elephant tramples you!
* * * LOW HITPOINT WARNING * * *
You stumble backwards!
A yak comes into view.
You take 9 damage, and have 40/102 hp.
Aim: a yak The splash of poison misses the yak.
You feel slightly more hungry.
The yak bellows!
You slash the elephant! You freeze the elephant!
You kill the elephant!
Cheibriados thoroughly appreciates the change of pace.
You slash the yak! You freeze the yak. You slash the yak! You freeze the yak.
The yak misses you. The yak barely misses you.
You hit the elephant. You freeze the elephant. You slash the yak!
You freeze the yak. You hit the yak but do no damage. The yak gores you!
* * * LOW HITPOINT WARNING * * *
The elephant tramples you!
* * * LOW HITPOINT WARNING * * *
You hold your ground!
You block the elephant's attack.
You take 19 damage, and have 22/102 hp.
You slash the elephant! You freeze the elephant.
You kill the elephant!
Cheibriados thoroughly appreciates the change of pace.
You hit the yak. You freeze the yak. You slash the yak! You freeze the yak.
You hit the elephant. You freeze the elephant.
The yak gores you but does no damage. The elephant tramples you!
* * * LOW HITPOINT WARNING * * *
You hold your ground!
The elephant trunk-slaps you but does no damage.
You take 11 damage, and have 11/102 hp.
You warp the flow of time around you!
You are feeling hungry.
You now have 9/13 mp.
You have got your breath back.
You block the yak's attack.
You fail to use your ability.
The elephant tramples you!
You die...

.. .##...........# ....
.......##....## ....#
#.#.#...#.....#
........(.....#....##
...#.#.#.#..#.....# ..
.Y..............##
....#.#.#.#.........#
.....YYY†........>.## #
....#.#@#.#........# #
...................# ###
....#.#.#.#........###.#
...........†............
....#.#.#.#.†....<......
........................
...[#.#.#.#..##.........
.............##...######
.#>#.#.#..###...# #


You could see an elephant and 3 yaks.

Notes
Turn   | Place    | Note
-------+----------+-------------------------------------------
     0 | D:1      | theanonym the Naga Gladiator began the quest for the Orb.
     0 | D:1      | Reached XP level 1. HP: 19/19 MP: 1/1
   313 | D:1      | Reached XP level 2. HP: 18/26 MP: 2/2
   711 | D:1      | Reached skill level 4 in Axes
  1111 | D:1      | Reached XP level 3. HP: 30/32 MP: 3/3
  1424 | D:2      | Found an ornate altar of the Wu Jian Council.
  1648 | D:2      | Found a faded altar of an unknown god.
  1691 | D:2      | Found an opulent altar of Gozag.
  1692 | D:2      | Found a blossoming altar of Fedhas.
  1743 | D:2      | HP: 16/32 [crimson imp (4)]
  1757 | D:2      | HP: 12/32 [crimson imp (2)]
  1769 | D:2      | Reached skill level 5 in Axes
  1769 | D:2      | Reached XP level 4. HP: 12/39 MP: 4/4
  2397 | D:3      | Found an iron altar of Okawaru.
  2503 | D:3      | Noticed Dustman's ghost (amateur HuGl)
  2556 | D:3      | Noticed Terence
  2563 | D:3      | Killed Terence
  2563 | D:3      | Reached XP level 5. HP: 41/45 MP: 5/5
  2605 | D:3      | You fall through a shaft for 3 floors!
  2632 | D:6      | Reached skill level 6 in Axes
  2694 | D:5      | Entered Level 5 of the Dungeon
  2734 | D:5      | Found a shadowy altar of Dithmenos.
  2906 | D:3      | Killed Dustman's ghost
  2906 | D:3      | Reached skill level 7 in Axes
  2906 | D:3      | Reached XP level 6. HP: 43/52 MP: 6/6
  3256 | D:4      | Noticed Dustman's ghost (amateur HuGl)
  3263 | D:4      | HP: 26/52 [Dustman's ghost (2)]
  3272 | D:4      | HP: 20/52 [Dustman's ghost (7)]
  3277 | D:4      | HP: 12/52 [Dustman's ghost (8)]
  3279 | D:4      | Killed Dustman's ghost
  3279 | D:4      | Reached XP level 7. HP: 14/61 MP: 7/7
  3282 | D:4      | HP: 15/61 [frilled lizard (2)]
  3284 | D:4      | Noticed Ijyb
  3490 | D:4      | Killed Ijyb
  3587 | D:4      | Reached skill level 8 in Axes
  3709 | D:4      | Reached skill level 3 in Fighting
  3741 | D:4      | Found a hazy altar of Hepliaklqana.
  3884 | D:5      | Found a staircase to the Ecumenical Temple.
  4195 | D:5      | Found a stormy altar of Qazlal.
  4197 | D:5      | Found a bloodstained altar of Trog.
  4379 | Temple   | Entered the Ecumenical Temple
  4390 | Temple   | Became a worshipper of Cheibriados the Contemplative
  4437 | D:6      | HP: 30/62 [orc warrior/trident (22)]
  4444 | D:6      | HP: 27/62 [orc warrior/trident (8)]
  4446 | D:6      | HP: 12/62 [orc warrior/trident (16)]
  4555 | D:6      | Reached XP level 8. HP: 66/70 MP: 8/8
  4581 | D:6      | Reached skill level 1 in Invocations
  4786 | D:6      | Reached * piety under Cheibriados
  4788 | D:6      | Reached skill level 9 in Axes
  4795 | D:6      | Reached skill level 4 in Fighting
  5008 | D:6      | Reached skill level 2 in Invocations
  5121 | D:6      | Reached skill level 3 in Invocations
  5453 | D:7      | Reached skill level 10 in Axes
  5521 | D:7      | Found a glowing silver altar of Zin.
  5691 | D:7      | Reached XP level 9. HP: 80/80 MP: 11/11
  5978 | D:7      | Learned a level 1 spell: Apportation
  5981 | D:7      | Learned a level 2 spell: Blink
  5996 | D:8      | HP: 36/80 [ice beast (8)]
  6000 | D:8      | Reached ** piety under Cheibriados
  6085 | D:8      | Noticed Joseph
  6095 | D:8      | HP: 39/80 [Joseph/uncursed enchanted quarterstaff (12)]
  6098 | D:8      | HP: 14/80 [Joseph/uncursed enchanted quarterstaff (12)]
  6103 | D:8      | HP: 2/80 [Joseph/uncursed enchanted quarterstaff (18)]
  6107 | D:8      | Killed Joseph
  6107 | D:8      | Reached skill level 11 in Axes
  6108 | D:8      | HP: 9/80 [quasit (1)]
  6253 | D:8      | Noticed Pikel
  6263 | D:8      | Killed Pikel
  6263 | D:8      | Reached skill level 12 in Axes
  6433 | D:8      | Found Jolyhyby's Armour Boutique.
  6441 | D:8      | Bought a +2 shield of reflection for 240 gold pieces
  6598 | D:8      | Reached *** piety under Cheibriados
  6647 | D:8      | Noticed Psyche
  6675 | D:8      | Gained mutation: You expend magic power (3 MP) to strengthen your wands. [potion of mutation]
  6675 | D:8      | Gained mutation: You are resistant to hostile enchantments. (MR+) [potion of mutation]
  6675 | D:8      | Gained mutation: You are partially covered in icy blue scales. (AC +2) [potion of mutation]
  6675 | D:8      | Gained mutation: You are robust. (+10% HP) [potion of mutation]
  6701 | D:9      | Found a staircase to the Orcish Mines.
  6701 | D:9      | Noticed a two-headed ogre
  6708 | D:9      | Killed a two-headed ogre
  6708 | D:9      | Reached skill level 2 in Shields
  6708 | D:9      | Reached XP level 10. HP: 82/95 MP: 12/12
  6748 | D:9      | Found a burning altar of Makhleb.
  6867 | D:9      | Reached skill level 13 in Axes
  7001 | D:9      | Noticed a two-headed ogre
  7003 | D:9      | Noticed a centaur warrior
  7022 | D:9      | Noticed a tengu warrior
  7035 | D:9      | Reached skill level 3 in Shields
  7041 | D:9      | Killed a two-headed ogre
  7176 | D:9      | Killed a tengu warrior
  7176 | D:9      | Reached skill level 4 in Shields
  7218 | D:9      | Reached **** piety under Cheibriados
  7225 | D:9      | Reached skill level 14 in Axes
  7259 | D:9      | Noticed a two-headed ogre
  7263 | D:9      | Reached XP level 11. HP: 86/102 MP: 13/13
  7265 | D:9      | HP: 37/102 [two-headed ogre/giant club (19)]
  7270 | D:9      | Killed a two-headed ogre
  7270 | D:9      | HP: 19/102 [steam dragon (5)]
  7276 | D:9      | HP: 22/102 [phantom (3)]
  7285 | D:9      | HP: 22/102 [hungry ghost (1)]
  7305 | D:9      | HP: 23/102 [phantom (7)]
  7473 | D:9      | Noticed a fire giant
  7479 | D:9      | HP: 51/102 [fire giant/great sword of flaming (6)]
  7482 | D:9      | Killed a fire giant
  7482 | D:9      | Reached skill level 5 in Shields
  7589 | D:9      | Identified the Papyrus of the Displaced Blaze
  7645 | D:9      | Got a twitching copper amulet
  7689 | D:9      | Found a sparkling altar of Nemelex Xobeh.
  7743 | D:9      | Noticed a two-headed ogre
  7754 | D:9      | Killed a two-headed ogre
  7759 | D:9      | Found a staircase to the Lair.
  7781 | D:9      | Noticed Blork the orc
  7796 | D:9      | Killed Blork the orc
  7805 | D:9      | Found a deep blue altar of Sif Muna.
  7989 | D:9      | Reached skill level 15 in Axes
  8196 | Orc:1    | Entered Level 1 of the Orcish Mines
  8219 | Orc:1    | Noticed an orc sorcerer
  8261 | Lair:1   | Entered Level 1 of the Lair of Beasts
  8404 | Lair:1   | Reached skill level 6 in Shields
  8412 | Lair:1   | Reached ***** piety under Cheibriados
  8421 | Lair:1   | HP: 51/102 [elephant (12)]
  8428 | Lair:1   | HP: 34/102 [yak (7)]
  8429 | Lair:1   | HP: 11/102 [elephant (12)]
  8431 | Lair:1   | Slain by an elephant

Vanquished Creatures
  A fire giant (D:9)
  4 two-headed ogres (D:9)
  A tengu warrior (D:9)
  Pikel (D:8)
  4 elephants (Lair:1)
  Joseph (D:8)
  The ghost of Dustman the Chopper, an amateur HuGl (D:3)
  A hornet (D:9)
  4 yaks
  A human (D:9)
  A steam dragon (D:9)
  A vampire mosquito (D:9)
  4 hogs (D:9)
  A hungry ghost (D:9)
  4 water moccasins
  4 orc warriors
  A porcupine (Lair:1)
  An ice beast (D:8)
  3 ogres
  2 necrophages
  2 phantoms
  The ghost of Dustman the Insei, an amateur HuGl of Makhleb (D:4)
  A centaur (D:9)
  A crocodile (Lair:1)
  A big kobold (D:9)
  Blork the orc (D:9)
  6 bullfrogs
  4 scorpions
  A killer bee (D:9)
  4 howler monkeys
  3 crimson imps
  A jelly (D:9)
  A quasit (D:8)
  2 orc priests (D:8)
  2 hounds
  A bullfrog skeleton (D:9)
  A centaur skeleton (D:6)
  Ijyb (D:4)
  Terence (D:3)
  3 iguanas
  9 orc wizards
  4 worker ants
  2 hound zombies
  A hound skeleton (D:6)
  A worker ant zombie (D:9)
  3 adders
  A shadow imp (D:6)
  2 adder skeletons
  3 adder zombies
  3 worms
  4 dart slugs
  7 leopard geckos
  32 orcs
  4 giant cockroaches
  7 hobgoblins
  5 quokkas
  3 ball pythons
  4 bats
  4 frilled lizards
  A giant cockroach zombie (D:6)
  6 goblins
  11 kobolds
  8 rats
204 creatures vanquished.

Vanquished Creatures (collateral kills)
  An iguana (D:9)
1 creature vanquished.

Vanquished Creatures (others)
  A centaur warrior (D:9)
  A shadow (D:9)
  A hungry ghost (D:9)
  3 slaves (D:8)
  An eye of draining (D:8)
  A kobold (D:9)
8 creatures vanquished.

Grand Total: 213 creatures vanquished
